 Dungeon Crawl Stone Soup version 0.26.0-18-gc5c842f807 (webtiles) character file.

Game seed: 12806057728283841883

5201 hatsuma the Grappler (level 10, -15/98 HPs)
             Began as a Troll Gladiator on Jan 23, 2021.
             Was a Priest of Uskayaw.
             Engulfed by a cloud of flame (20 damage)
             ... on level 8 of the Dungeon.
             The game lasted 00:40:24 (5570 turns).

hatsuma the Grappler (Troll Gladiator)              Turns: 5570, Time: 00:40:27

Health: -15/98     AC:  7    Str: 28    XL:     10   Next: 34%
Magic:  0/10       EV: 19    Int:  4    God:    Uskayaw [***...]
Gold:   237        SH:  0    Dex: 16    Spells: 9/9 levels left

rFire    . . .     SeeInvis .     - Unarmed
rCold    . . .     Faith    .   (no shield)
rNeg     . . .     Spirit   +   E - +1 robe of Greater Demons {-Cast rElec Str+4 Dex+2}
rPois    .         Reflect  .   b - +0 hat
rElec    +         Harm     .   (no cloak)
rCorr    .         Rampage  .   (gloves unavailable)
Will     +....     NoCast   +   (boots unavailable)
Stlth    +.........             e - amulet of guardian spirit
HPRegen  0.66/turn              f - ring of willpower
MPRegen  0.12/turn              g - +4 ring of evasion

@: lethally poisoned (-15 -> -15)
A: large, unfitting armour, claws 3, regeneration 1, shaggy fur 1, tough skin 3
a: Renounce Religion, Stomp, Line Pass


You were on level 8 of the Dungeon.
You worshipped Uskayaw.
Uskayaw was noncommittal.
You visited 1 branch of the dungeon, and saw 8 of its levels.
You also visited: Sewer.

You collected 419 gold pieces.
You spent 182 gold pieces at shops.

Inventory:

Hand Weapons
 A - the +7 dire flail of Inflation {pain, rF+ rN+ Will+}
   (You found it on level 7 of the Dungeon)

   In the hands of one skilled in necromantic magic, it inflicts extra damage on
   living creatures.
   It protects you from fire.
   It protects you from negative energy.
   It affects your willpower, your defense against some magical effects.
Missiles
 c - 4 throwing nets
 d - 24 poisoned darts
 q - 4 boomerangs
 K - 3 javelins (quivered)
Armour
 b - a +0 hat (worn)
 E - the +1 robe of Greater Demons (worn) {-Cast rElec Str+4 Dex+2}
   (You bought it in a shop on level 5 of the Dungeon)

   It affects your strength (+4).
   It affects your dexterity (+2).
   It insulates you from electricity.
   It prevents spellcasting.
Jewellery
 e - an amulet of guardian spirit (around neck)
 f - a ring of willpower (left claw)
 g - a +4 ring of evasion (right claw)
 o - an uncursed ring of fire
 t - an uncursed ring of positive energy
 z - an uncursed ring of protection from cold
Wands
 s - a wand of random effects (19)
 D - a wand of acid (5)
 G - a wand of polymorph (7)
 J - a wand of iceblast (4)
Scrolls
 a - a scroll of remove curse
 j - 3 scrolls of enchant weapon
 k - a scroll of noise {unknown}
 n - 3 scrolls of immolation
 p - a scroll of amnesia {unknown}
 r - a scroll of random uselessness {unknown}
 v - 2 scrolls of magic mapping {unknown}
 x - 6 scrolls of blinking
 y - a scroll of enchant armour {unknown}
 B - a scroll of teleportation {unknown}
 L - a scroll of fear {unknown}
Potions
 h - 5 potions of curing
 i - 3 potions of heal wounds {unknown}
 l - 2 potions of might {unknown}
 m - 4 potions of flight
 u - 3 potions of attraction
 w - a potion of mutation {unknown}
 C - a potion of cancellation {unknown}
 F - a potion of lignification {unknown}
 H - 2 potions of brilliance {unknown}


   Skills:
 - Level 6.0 Fighting
 - Level 4.4 Throwing
 - Level 8.1 Dodging
 + Level 9.3 Unarmed Combat
 - Level 2.4 Invocations


You had 9 spell levels left.
You didn't know any spells.
Your spell library contained the following spells:

 Spells                   Type           Power        Failure   Level
 Shock                    Conj/Air       0%           50%         1


Dungeon Overview and Level Annotations

Branches:
Dungeon (8/15)             Temple (0/1) D:6           Sewer (visited)
   Lair: D:8-11

Altars:
Ashenzari
Dithmenos
Elyvilon
Hepliaklqana
Makhleb
Qazlal
Ru
Sif Muna
Trog
Uskayaw
Wu Jian
Xom

Shops:
D:5 [


Innate Abilities, Weirdness & Mutations

You are too large for most types of armour.
You have claws for hands.
Your natural rate of healing is unusually fast.
You are covered in fur. (AC +1)
You have extremely tough skin. (AC +3)


Message History

The fiery explosion engulfs the bullfrog!!
The fiery explosion engulfs the jackal skeleton!!
The jackal skeleton explodes!
The fiery explosion engulfs the eye of draining!!!
The eye of draining explodes!
The fiery explosion engulfs the gnoll!!!
You kill the gnoll!
The bullfrog explodes!
You feel a bit more experienced.
You hear an explosion!
You feel a bit more experienced. x2
The water moccasin explodes!
The ogre explodes!
The orc explodes!
The fiery explosion engulfs the yak!
Flame seeps out of the yak.
The yak is almost dead.
The orc explodes!
The fiery explosion engulfs you!!!
* * * LOW HITPOINT WARNING * * *
The fiery explosion engulfs the yak!!
The yak explodes!
You are engulfed in blazing flames.
You die...

............[................
...#........#...###...h......
............#..#####).)......
..............##.h.'o........
..............##.hhgo........
...........#..##.[hg....[.#..
...........#...#####B§{o.##
...........###§§§§..#
.......@§°§§§.o.#
.......§§°§§####...
........#○§§§# ..o
P.......§§...o.. .o
...P.............
.......##........ ..P....
......... ...P... ##.......


You could see an orc wizard (inner flame) and 2 orcs.

Vanquished Creatures
  Gastronok (D:8)
  Pikel (D:7)
  A yak (D:8)
  Eustachio (D:6)
  4 water moccasins
  An ice beast (D:7)
  A sky beast (D:6)
  A black bear (D:8)
  2 orc warriors
  A phantom (D:6)
  An eye of draining (D:8)
  2 necrophages (D:7)
  4 ogres
  3 lemures (D:6)
  A big kobold (Sewer)
  5 bullfrogs
  4 scorpions
  2 wights (D:7)
  2 electric eels (D:7)
  A howler monkey (D:5)
  4 centaur zombies
  3 bullfrog zombies (D:7)
  2 hounds
  4 orc priests
  A bullfrog skeleton (D:5)
  A centaur skeleton (D:6)
  A gnoll shaman (D:8)
  A jelly (D:6)
  Jessica (D:2)
  2 iguanas
  Ijyb (D:5)
  8 orc wizards
  4 worker ants
  Terence (D:2)
  2 hound zombies (D:7)
  A hound skeleton (D:5)
  A worker ant zombie (D:8)
  Robin (D:2)
  3 gnolls (D:8)
  10 adders
  2 river rats (Sewer)
  2 white imps (D:7)
  An ooze (D:3)
  4 worms
  A dart slug (D:1)
  6 leopard geckos
  34 orcs
  A giant cockroach (D:2)
  7 hobgoblins
  12 jackals
  3 quokkas
  9 bats
  6 frilled lizards
  17 goblins
  2 jackal skeletons
  10 kobolds
  A leopard gecko skeleton (D:5)
  8 rats
217 creatures vanquished.

Vanquished Creatures (others)
  45 fungi (D:8)
  49 plants
  4 withered plants (D:7)
98 creatures vanquished.

Grand Total: 315 creatures vanquished

Notes
Turn   | Place    | Note
-------+----------+-------------------------------------------
     0 | D:1      | hatsuma the Troll Gladiator began the quest for the Orb.
     0 | D:1      | Reached XP level 1. HP: 19/19 MP: 0/0
   184 | D:1      | Reached XP level 2. HP: 28/28 MP: 1/1
   607 | D:2      | Reached XP level 3. HP: 35/35 MP: 2/2
   625 | D:2      | Found a hazy altar of Hepliaklqana.
   917 | D:2      | Found a shadowy altar of Dithmenos.
  1055 | D:2      | Noticed Terence
  1062 | D:2      | Killed Terence
  1063 | D:2      | Reached XP level 4. HP: 39/44 MP: 3/3
  1192 | D:2      | Noticed Jessica
  1218 | D:2      | Noticed Robin
  1245 | D:2      | Killed Robin
  1256 | D:2      | Killed Jessica
  1257 | D:2      | Reached skill level 4 in Unarmed Combat
  1257 | D:2      | Reached XP level 5. HP: 49/50 MP: 4/4
  1691 | D:3      | Found a shimmering altar of Xom.
  1743 | D:3      | Found a burning altar of Makhleb.
  2198 | D:3      | Reached skill level 5 in Unarmed Combat
  2286 | D:3      | Found a faded altar of an unknown god.
  2286 | D:3      | Found a sacrificial altar of Ru.
  2293 | D:3      | Found a white marble altar of Elyvilon.
  2295 | D:3      | Found a bloodstained altar of Trog.
  2298 | D:3      | Found a faded altar of an unknown god.
  2409 | D:4      | Reached XP level 6. HP: 49/61 MP: 5/5
  2439 | D:4      | You fall into a shaft and drop 3 floors!
  2443 | D:7      | Noticed an ice beast
  2475 | D:7      | Got a brightly glowing dire flail
  2487 | D:7      | Noticed a +0 hand axe
  2488 | D:7      | Noticed a +0 dagger
  2492 | D:7      | Found a hide-covered altar of Uskayaw.
  2499 | D:7      | Noticed Pikel
  2501 | D:7      | Became a worshipper of Uskayaw the Reveller
  2502 | D:7      | Reached * piety under Uskayaw
  2625 | D:6      | Identified the +7 dire flail of Inflation {pain, rF+ rN+
                  | Will+} (You found it on level 7 of the Dungeon)
  2667 | D:6      | Reached ** piety under Uskayaw
  2689 | D:5      | Entered Level 5 of the Dungeon
  2736 | D:4      | Reached skill level 6 in Unarmed Combat
  2736 | D:4      | Reached *** piety under Uskayaw
  2787 | D:4      | Reached XP level 7. HP: 49/67 MP: 3/6
  2835 | D:4      | Found a glowing drain.
  2844 | Sewer    | Entered a sewer
  2919 | Sewer    | Reached skill level 7 in Unarmed Combat
  2942 | Sewer    | Found a glowing silver altar of Zin.
  3486 | D:5      | Found a broken altar of Ashenzari.
  3536 | D:5      | Noticed Ijyb
  3546 | D:5      | Killed Ijyb
  3605 | D:5      | Found Gyacsepra's Antique Armour Boutique.
  3608 | D:5      | Bought a fabulously ornate robe for 182 gold pieces
  3618 | D:5      | Identified the +1 robe of Greater Demons {-Cast rElec Str+4
                  | Dex+2} (You bought it in a shop on level 5 of the Dungeon)
  3681 | D:5      | Reached skill level 5 in Fighting
  3740 | D:5      | Reached XP level 8. HP: 63/80 MP: 5/7
  3914 | D:6      | Found a stormy altar of Qazlal.
  3953 | D:6      | Noticed Eustachio
  3968 | D:6      | Killed Eustachio
  3984 | D:6      | Reached **** piety under Uskayaw
  3985 | D:6      | Reached skill level 8 in Unarmed Combat
  4230 | D:6      | Found an ornate altar of the Wu Jian Council.
  4297 | D:6      | Found a staircase to the Ecumenical Temple.
  4505 | D:6      | Reached skill level 5 in Dodging
  4631 | D:7      | Killed Pikel
  4632 | D:7      | Reached XP level 9. HP: 56/88 MP: 6/9
  4756 | D:7      | Found a shimmering blue altar of Sif Muna.
  4946 | D:7      | Reached skill level 9 in Unarmed Combat
  5401 | D:7      | Identified Sif Muna's Grimoire of Attacks
  5522 | D:8      | Noticed Gastronok
  5539 | D:8      | Reached ***** piety under Uskayaw
  5540 | D:8      | Killed Gastronok
  5541 | D:8      | Reached XP level 10. HP: 98/98 MP: 10/10
  5570 | D:8      | Engulfed by a cloud of flame

Illustrated notes

Levels and vault maps discovered:
D:1:      dpeg_arrival_ternary, layout_rooms, kennysheep_nondescript
D:2:      layout_basic, nzn_hepliaklqana_mist_gate,
          nicolae_dithmenos_shadow_blocks, serial_park_tiny_pond, uniq_robin,
          uniq_jessica, uniq_terence
D:3:      minmay_diamond_boxcup, layout_loops_ring, xom_teletrap_fun,
          lightli_temple_of_fire, chequers_temple_overflow_minitemple,
          chequers_serial_rivers_micro_e
D:4:      layout_cave_pools, cheibrodos_sewer_entry_sluice,
          kennysheep_generic_room_3
D:5:      layout_cave_pools, overflow_temple_1_default, serial_shops,
          kennysheep_mini, uniq_ijyb
D:6:      layout_basic, kennysheep_mini_moat, kennysheep_little_box,
          minmay_temple_entry_gardened_gates, uniq_eustachio
D:7:      layout_basic, dancing_weapons_uskayaw, led_sif_book, serial_undead,
          serial_undead_b, serial_undead_f, serial_undead_b, serial_undead_b,
          serial_undead_f, serial_undead_c, serial_undead_a, serial_undead_d,
          serial_bayou_pond_d, serial_bayou_lake_a, uniq_pikel
D:8:      layout_cave_pools, nemelex_xobeh_ov_fountains_minmay,
          due_lair_maze_entry_diamond, enter_bailey_2, serial_gnoll_camp,
          gnoll_camp_mini_doghouse, gnoll_camp_mini_doghouse,
          gnoll_camp_mini_basic, gnoll_camp_mini_hut, gnoll_camp_medium_01,
          uniq_grum, uniq_erica, uniq_gastronok

Skill      XL: |  1  2  3  4  5  6  7  8  9 |
---------------+----------------------------+-----
Fighting       | 2 3 5 6 |  6.0
Throwing       | 2 3 4 |  4.4
Unarmed Combat | 4 5 6 7 8 9 |  9.3
Dodging        | 3 5 8 |  8.1
Invocations    | 2 |  2.4

Action                   |  1- 3 |  4- 6 |  7- 9 | 10-12 || total
-------------------------+-------+-------+-------+-------++-------
Melee: Unarmed           |   105 |   200 |   276 |    11 ||   592
       Punch             |     2 |     3 |    16 |       ||    21
Throw: Dart              |     1 |     1 |     2 |       ||     4
       Boomerang         |       |       |    15 |       ||    15
       Javelin           |       |       |     2 |       ||     2
Invok: Stomp             |       |     1 |     1 |     1 ||     3
       Line Pass         |       |       |       |     1 ||     1
  Use: Scroll            |       |     5 |     3 |     1 ||     9
       Potion            |       |       |     1 |       ||     1
 Stab: Sleeping          |     2 |     4 |       |       ||     6
       Paralysed         |       |     1 |     4 |     1 ||     6
Armor: Robe              |    32 |    17 |    38 |     4 ||    91
       Animal skin       |       |    40 |    22 |       ||    62
Dodge: Dodged            |    44 |   108 |   179 |    24 ||   355
